AoeStats
← alvaro_j_94

Arabian Desert

510845877Analyzed
1v1 RM · 23h ago on Oct 2, 2026· 82m 0s· 2 players
Game mode
Random Map
Map size
Tiny (2 player)
Population
200
Speed
Normal
Resources
Standard
Victory
Conquest
Starting age
Dark Age
Ending age
Imperial Age
RankedLock teamsTeams togetherTeam positionsShared explorationLock speedFull tech treeHidden civsTurbo modeCheats
Victory
Defeat
🇪🇸 Spanish · Spain
398
+17
🇺🇸 Khmer · United States
410
-17
alvaro_j_94
11:07 Feudal Age
12:27 Wheelbarrow
11:34 Horse Collar
11:41 Double-Bit Axe
22:02 Castle Age
20:49 Stone Mining
20:50 Gold Mining
21:13 Forging
21:13 Scale Barding Armor
21:27 Bloodlines
21:50 Man-at-Arms
22:18 Arson
23:02 Hand Cart
31:50 Husbandry
33:28 Inquisition
34:50 Iron Casting
34:35 Chain Barding Armor
40:12 Imperial Age
41:13 Cavalier
41:25 Elite Conquistador
43:41 Blast Furnace
43:20 Plate Barding Armor
43:11 Block Printing
43:29 Sanctity
43:21 Fervor
43:39 Illumination
43:50 Theocracy
46:00 Paladin
46:16 Pikeman
46:57 Squires
46:42 Gambesons
51:14 Chemistry
50:19 Light Cavalry
50:24 Light Cavalry
51:49 Halberdier
53:42 Fletching
53:53 Scale Mail Armor
70:56 Redemption
81:12 Spies/Treason
Massappeel
12:14 Loom
14:32 Feudal Age
15:43 Double-Bit Axe
15:44 Horse Collar
15:59 Gold Mining
15:57 Man-at-Arms
16:24 Arson
18:59 Forging
18:55 Scale Barding Armor
18:52 Scale Mail Armor
19:28 Stone Mining
19:32 Fletching
19:43 Padded Archer Armor
21:56 Wheelbarrow
21:09 Town Watch
21:38 Bloodlines
25:03 Castle Age
26:27 Gold Shaft Mining
25:56 Heavy Plow
26:14 Bow Saw
25:45 Crossbowman
26:21 Long Swordsman
28:50 Pikeman
31:36 Devotion
33:02 Stone Shaft Mining
31:52 Elite Skirmisher
33:07 Town Patrol
36:58 Hand Cart
36:49 Tusk Swords
38:37 Iron Casting
41:56 Imperial Age
40:36 Ballistics
40:13 Murder Holes
40:31 Masonry
42:11 Husbandry
41:34 Light Cavalry
42:50 Double Crossbow
44:49 Blast Furnace
44:11 Chain Barding Armor
45:33 Hoardings
48:06 Conscription
47:18 Sappers
47:13 Two-Handed Swordsman
48:24 Arbalester
50:03 Elite Ballista Elephant
51:51 Plate Barding Armor
52:05 Crop Rotation
52:36 Leather Archer Armor
52:28 Bodkin Arrow
54:06 Guard Tower
54:24 Siege Engineers
55:21 Chemistry
56:58 Elite Battle Elephant
58:55 Parthian Tactics
59:37 Faith
60:38 Cavalier
73:43 Halberdier
Connection lost

Rejoining the realm…

Still unreachable

The connection could not be restored.

Session expired

The server has moved on; the page needs a fresh start.